 Dungeon Crawl Stone Soup version 0.29.1-1-gd02db6906a (webtiles) character file.

Game seed: 17975588790321993488

73 Icepheonix32 the Insei (level 4, -1/32 HPs)
             Began as a Merfolk Transmuter on Sept 16, 2022.
             Slain by Crazy Yiuf
             ... wielding a +4 quarterstaff of chaos
              (10 damage)
             ... on level 2 of the Dungeon.
             The game lasted 00:03:46 (3759 turns).

Icepheonix32 the Insei (Merfolk Transmuter)         Turns: 3759, Time: 00:03:47

Health: -1/32      AC:  2    Str: 10    XL:     4   Next: 27%
Magic:  7/7        EV: 26    Int: 14    God:
Gold:   68         SH:  0    Dex: 19    Spells: 1/7 levels left

rFire   . . .      SeeInvis .     - Unarmed
rCold   . . .      Faith    .   (shield currently unavailable)
rNeg    . . .      Spirit   .   (body armour currently unavailable)
rPois   x          Reflect  .   (helmet currently unavailable)
rElec   .          Harm     .   (cloak currently unavailable)
rCorr   .          Rampage  .   (gloves currently unavailable)
Will    .....                   (boots currently unavailable)
Stlth   ++........              j - amulet of magic regeneration
HPRegen 0.10/turn               (no ring)
MPRegen 0.50/turn               (no ring)

@: agile, spider-form (expiring)
A: venomous fangs, tiny, (nimble swimmer 2), (mertail)
a: End Transformation


You were on level 2 of the Dungeon.
You were a venomous arachnid creature.
You visited 1 branch of the dungeon, and saw 2 of its levels.

You collected 68 gold pieces.

Inventory:

Missiles
 i - 8 boomerangs
Armour
 a - a +0 robe (melded)
Jewellery
 j - an amulet of magic regeneration (around neck)
Scrolls
 c - a scroll of teleportation {unknown}
 e - a scroll of silence {unknown}
 l - a scroll of immolation {unknown}
 o - 2 scrolls of identify {unknown}
Potions
 b - 3 potions of lignification
 d - 2 potions of mutation {unknown}
 f - 3 potions of flight {unknown}
 g - 2 potions of attraction {unknown}
 h - a potion of haste {unknown}
 k - 2 potions of heal wounds {unknown}
 m - a potion of might {unknown}
 n - 2 potions of curing
 p - a potion of resistance {unknown}


   Skills:
 + Level 1.1 Fighting
 * Level 3.8 Dodging
 + Level 4.1 Unarmed Combat
 + Level 2.2 Spellcasting
 * Level 3.5 Transmutations
 * Level 0.8 Poison Magic


You had one spell level left.
You knew the following spells:

 Your Spells              Type           Power      Damage    Failure   Level
a - Beastly Appendage     Tmut           22%        N/A       16%         1
b - Wereblood             Tmut           11%        N/A       22%         2
c - Spider Form           Tmut/Pois      7%         N/A       50%         3

Your spell library contained the following spells:

 Spells                   Type           Power      Damage    Failure   Level
 Freeze                   Ice            4%         1d3       45%         1
 Magic Dart               Conj           4%         1d3       45%         1
 Searing Ray              Conj           2%         2d4       56%         2
 Frozen Ramparts          Ice            2%         1d1       77%         3
 Ice Form                 Ice/Tmut       6%         N/A       88%         4
 Fulminant Prism          Conj/Hex       0%         3d6       98%         4
 Hailstorm                Conj/Ice       1%         3d3       98%         4


Dungeon Overview and Level Annotations

Branches:
Dungeon (2/15)

Altars:
Zin

Shops:
D:1 *

Annotations:
D:2 Crazy Yiuf


Innate Abilities, Weirdness & Mutations

You are a venomous arachnid creature.
You have poisonous fangs.
You are tiny and dextrous.
Your spellcasting is less reliable in this form.
Your armour is entirely melded.
You are incapable of wielding weapons or throwing items.
((You are very nimble when in or above water. (Stealth+, EV+, Speed+++)))
((Your lower body shifts to a powerful aquatic tail in water.))


Message History

You add the spells Magic Dart, Searing Ray and Fulminant Prism to your library.
Found a stone staircase leading up.
p - a golden potion You now have 68 gold pieces (gained 9).
Okay, then.
Casting: Beastly Appendage (safe; 5% risk of failure)
Confirm with . or Enter, or press ? or * to list all spells.
Okay, then.
Casting: Beastly Appendage (safe; 5% risk of failure)
Confirm with . or Enter, or press ? or * to list all spells.
The spell is quite dangerous to miscast (28% risk of failure)!
Continue anyway?
You turn into a venomous arachnid creature.
Your +0 robe melds into your body.
You open the door.
There is an open translucent door here.
You catch the helpless Crazy Yiuf completely off-guard!
You bite Crazy Yiuf!
Crazy Yiuf is moderately wounded.
Crazy Yiuf misses you.
You hit Crazy Yiuf but do no damage.
Crazy Yiuf is poisoned.
Crazy Yiuf is moderately wounded.
Crazy Yiuf drinks a potion.
Crazy Yiuf is healed!
Crazy Yiuf looks more healthy.
You hit Crazy Yiuf.
Crazy Yiuf is moderately wounded.
Your transformation is almost over.
Crazy Yiuf hits you with a +4 quarterstaff of chaos!
Crazy Yiuf burns you.
You barely miss Crazy Yiuf.
Crazy Yiuf is moderately wounded.
Crazy Yiuf hits you with a +4 quarterstaff of chaos!
* * * LOW HITPOINT WARNING * * *
You feel agile all of a sudden.
You are too injured to fight recklessly!
You are too injured to fight recklessly!
Unknown command.
You hit Crazy Yiuf.
Crazy Yiuf is poisoned.
Crazy Yiuf is heavily wounded.
Crazy Yiuf hits you with a +4 quarterstaff of chaos!
You die...

#...##### #...<...#
# ........#
##......# #
.######.# #......#
# .# ### ###....# #
.# #....# # .#
######## ###### #
.####....#.########
#
..........#..##...#
#
.##......####.'.s.#
# ####....##
###..g#
#############
###### #####
#............
#############


You could see Crazy Yiuf (very poisoned).

Vanquished Creatures
  2 adders (D:2)
  2 dart slugs
  A bat (D:2)
  3 endoplasms (D:1)
  A giant cockroach (D:2)
  5 goblins
  4 hobgoblins
  11 jackals
  6 kobolds
  2 quokkas
  2 ball pythons (D:2)
  2 frilled lizards (D:2)
  3 rats (D:2)
44 creatures vanquished.

Notes
Turn   | Place    | Note
-------+----------+-------------------------------------------
     0 | D:1      | Icepheonix32 the Merfolk Transmuter began the quest for the
                  | Orb.
     0 | D:1      | Reached XP level 1. HP: 15/15 MP: 3/3
   162 | D:1      | Reached XP level 2. HP: 12/21 MP: 3/5
   443 | D:1      | Found Juilech's General Store.
   923 | D:1      | Found a faded altar of an unknown god.
  1021 | D:1      | Reached XP level 3. HP: 13/26 MP: 6/6
  1024 | D:1      | Learned a level 2 spell: Wereblood
  1028 | D:1      | Learned a level 3 spell: Spider Form
  1830 | D:2      | Found a glowing silver altar of Zin.
  2073 | D:2      | Reached skill level 4 in Unarmed Combat
  2371 | D:2      | Reached XP level 4. HP: 9/32 MP: 7/7
  3100 | D:2      | Found a runed translucent door.
  3151 | D:2      | Noticed Crazy Yiuf
  3759 | D:2      | Slain by Crazy Yiuf

Illustrated notes

Levels and vault maps discovered:
D:1:      dpeg_arrival_morbid_curiosity, layout_basic, basic_ecumenical_altar,
          serial_shops, shop
D:2:      layout_basic, basic_altar, uniq_crazy_yiuf_cottage

Skill      XL: |  1  2  3 |
---------------+----------+-----
Dodging        | 3 |  3.8
Transmutations | 3 |  3.5
Unarmed Combat | 4 |  4.1
Fighting       | |  1.1
Spellcasting   | |  2.2
Poison Magic   | |  0.8

Action                   |  1- 3 |  4- 6 || total
-------------------------+-------+-------++-------
Melee: Unarmed           |    98 |    69 ||   167
       Headbutt          |    19 |     6 ||    25
       Punch             |     6 |     1 ||     7
 Cast: Beastly Appendage |    25 |     8 ||    33
       Spider Form       |       |     1 ||     1
 Stab: Distracted        |       |     1 ||     1
Armor: Robe              |    15 |     9 ||    24
Dodge: Dodged            |    66 |    38 ||   104
